 Dungeon Crawl Stone Soup version 0.31-a0-845-g9abc20d24f (webtiles) character file.

Game seed: 14326184832905363585

1188 Flugkiller the Cutter (level 8, -9/42 HPs)
             Began as a Vine Stalker Gladiator on Oct 1, 2023.
             Was a Believer of Uskayaw.
             Mangled by Prince Ribbit (11 damage)
             ... on level 6 of the Dungeon.
             The game lasted 00:05:09 (4870 turns).

Flugkiller the Cutter (Vine Stalker Gladiator)      Turns: 4870, Time: 00:05:09

Health: -9/42      AC:  6    Str: 17    XL:     8   Next: 43%
Magic:  0/9        EV: 12    Int:  8    God:    Uskayaw [**....]
Gold:   299        SH: 15    Dex: 18    Spells: 7/7 levels left

rFire   . . .        a - +0 rapier
rCold   . . .        j - +0 kite shield
rNeg    . . .        r - +2 leather armour {rPois}
rPois   +            c - +0 helmet
rElec   .            (no cloak)
rCorr   .            (no gloves)
SInv    .            (no boots)
Will    +....        o - amulet of reflection
Stlth   +            (no ring)
HPRegen 1.07/turn    (no ring)
MPRegen 0.11/turn

%: reflection, guardian spirit
@: marked
A: fangs 3, regeneration 1, magic shield, antimagic bite, no potion heal 2
a: Renounce Religion, Stomp, Line Pass


You were on level 6 of the Dungeon.
You worshipped Uskayaw.
Uskayaw was noncommittal.
You visited 2 branches of the dungeon, and saw 7 of its levels.
You also visited: Sewer.

You collected 299 gold pieces.

Inventory:

Hand Weapons
 a - a +0 rapier (weapon)
 m - a +2 trident of protection
   (You found it on level 2 of the Dungeon)
Missiles
 d - 3 throwing nets (quivered)
 e - a javelin
Armour
 c - a +0 helmet (worn)
 j - a +0 kite shield (worn)
   (You found it on level 1 of the Dungeon)
 r - a +2 leather armour of poison resistance (worn)
   (You took it off an orc priest on level 5 of the Dungeon)
Jewellery
 o - an amulet of reflection (around neck)
   (You found it on level 3 of the Dungeon)
Wands
 b - a wand of charming (12)
   (You found it on level 6 of the Dungeon)
Scrolls
 g - a scroll of brand weapon
 k - a scroll of immolation {unknown}
 s - a scroll of enchant weapon {unknown}
 t - 2 scrolls of teleportation
 v - a scroll of poison {unknown}
 x - a scroll of enchant armour {unknown}
 y - a scroll of amnesia {unknown}
Potions
 f - 2 potions of haste {unknown}
 h - 3 potions of mutation
 i - a potion of brilliance {unknown}
 l - a potion of enlightenment {unknown}
 n - 3 potions of resistance {unknown}
 p - 3 potions of lignification
 q - a potion of curing
 u - 3 potions of ambrosia
 w - a potion of might {unknown}


   Skills:
 + Level 4.5 Fighting
 + Level 5.0 Short Blades
 - Level 1.7 Throwing
 + Level 4.5 Dodging
 + Level 4.8 Shields
 + Level 0.1 Invocations


You had 7 spell levels left.
You didn't know any spells.
Your spell library contained the following spells:

 Spells                   Type           Power      Damage    Failure   Level
 Magic Dart               Conj           0%         1d3       80%         1
 Cigotuvi's Dreadful Rot  Necr/Pois/Air  0%         N/A       91%         2
 Searing Ray              Conj           0%         2d4       91%         2
 Sublimation of Blood     Necr           0%         N/A       91%         2
 Wereblood                Tmut           0%         N/A       91%         2
 Dispel Undead            Necr           0%         3d6       100%        4
 Fulminant Prism          Conj/Hex       0%         3d5       100%        4
 Death Channel            Necr           0%         N/A       100%        6
 Summon Hydra             Summ           0%         N/A       100%        7


Dungeon Overview and Level Annotations

Branches:
Dungeon (6/15) Zot: 26675  Temple (1/1) D:6 Zot: 5981   Sewer (visited)

Altars:
Ashenzari
Dithmenos
Fedhas
Gozag
Hepliaklqana
Kikubaaqudgha
Makhleb
Nemelex Xobeh
Okawaru
Qazlal
Sif Muna
Uskayaw
Wu Jian
Yredelemnul
Zin
The Shining One

Annotations:
D:6 Prince Ribbit


Innate Abilities, Weirdness & Mutations

You have razor-sharp teeth.
Your natural rate of healing is unusually fast.
When hurt, damage is shared between your health and your magic reserves.
Your bite disrupts and absorbs the magic of your enemies.
Potions cannot restore your health.


Message History

HP restored.
There is a fountain of clear blue water here.
There is a staircase to the Ecumenical Temple here.
You climb downwards.
Welcome to the Ecumenical Temple!
Found six altars.
Found a staircase back to the Dungeon.
There is a staircase back to the Dungeon here.
Done exploring.
Done exploring.
There is a hide-covered altar of Uskayaw here.
You kneel at the altar of Uskayaw.
Uskayaw welcomes you!
There is a staircase back to the Dungeon here.
You climb upwards.
Welcome back to the Dungeon!
There is a staircase to the Ecumenical Temple here.
Found a stone staircase leading up.
n - 3 black potions (gained 2)
Found 6 stones.
t - 2 scrolls of teleportation (gained 1)
An iguana comes into view.
A malevolent force fills the Dungeon...
With a horrendous wail, an alarm goes off!
A sentinel's mark forms upon you.
You hear an angry growl.
You hear a loud, deep croak!
You hear a shout!
You hit the iguana but do no damage. You bite the iguana! You drain its power.
The iguana is heavily wounded.
You block the iguana's attack.
You closely miss the iguana.
The iguana is heavily wounded.
The iguana closely misses you.
You hit the iguana. You bite the iguana.
You kill the iguana!
You can now stomp with the beat.
No target in view!
No target in view!
No target in view!
No target in view!
No target in view!
A black bear comes into view.
A black bear is nearby!
Prince Ribbit comes into view.
You hit the black bear. You bite the black bear! You drain its power.
The black bear is heavily wounded.
You block the black bear's attack. The black bear barely misses you.
You block the black bear's attack.
You hit the black bear.
The black bear is severely wounded.
You block the black bear's attack.
The black bear claws you but does no damage.
You block the black bear's attack.
The black bear attacks as it pursues you!
You block the black bear's attack.
The black bear claws you but does no damage. x2
You hit the black bear.
You bite the black bear, but do no damage.
The black bear is severely wounded.
Prince Ribbit hops awkwardly around.
A jelly comes into view.
The black bear goes berserk!
Prince Ribbit hits you!
You can now pass through a line of other dancers.
You hit the black bear but do no damage.
Your bite misses the black bear.
The black bear is severely wounded.
You block the black bear's attack. The black bear claws you.
You block the black bear's attack. You block Prince Ribbit's attack.
The black bear bites you but does no damage.
The black bear claws you. The black bear barely misses you.
Prince Ribbit hits you!
You are too injured to fight recklessly!
The black bear attacks as it pursues you!
The black bear bites you. You block the black bear's attack. x2
You barely miss the black bear. Your bite misses the black bear.
The black bear is severely wounded.
You block the black bear's attack. x2; The black bear closely misses you.
The black bear bites you!
* * * LOW HITPOINT WARNING * * *
The black bear barely misses you. The black bear claws you.
* * * LOW HITPOINT WARNING * * *
You can no longer pass through a line of other dancers.
You barely miss the black bear. You bite the black bear! You drain its power.
You feel invigorated.
The black bear is almost dead.
You block the black bear's attack. The black bear claws you. x2
* * * LOW HITPOINT WARNING * * *
You block the black bear's attack.
The black bear claws you but does no damage.
The black bear claws you.
* * * LOW HITPOINT WARNING * * *
You can now pass through a line of other dancers.
Okay, then.
Okay, then.
You barely miss the black bear.
The black bear is almost dead.
The black bear bites you but does no damage.
You block the black bear's attack. The black bear claws you.
* * * LOW HITPOINT WARNING * * *
Unknown command.
You puncture the black bear!
You kill the black bear!
Prince Ribbit hits you!
You die...

..# #### ..# #..###
#.# #....##
#.######.....## ..#
#.#...##......##
#..##.
##.....#@........
#.....
#...h..##F....#.
#....##.....##...#.##
#....#...##......#..#
........##.......#
.##..#...###........
#...................
##....#...#..........
.
##.....#...##.........


You could see Prince Ribbit.

Vanquished Creatures
  A water moccasin (D:5)
  An ice beast (D:5)
  A black bear (D:6)
  3 ogres
  3 hounds
  3 orc priests
  A gnoll bouda (D:5)
  3 iguanas
  A sleepcap (D:5)
  3 orc wizards
  Natasha (twice) (D:3)
  7 gnolls (D:5)
  4 river rats
  5 adders
  A white imp (D:5)
  An ufetubus (D:3)
  3 worms
  3 dart slugs
  13 orcs
  10 bats
  8 endoplasms
  4 giant cockroaches
  9 goblins
  7 hobgoblins
  9 jackals
  8 kobolds
  5 quokkas
  12 ball pythons
  6 frilled lizards
  12 rats
149 creatures vanquished.

Notes
Turn   | Place    | Note
-------+----------+-------------------------------------------
     0 | D:1      | Flugkiller the Vine Stalker Gladiator began the quest for
                  | the Orb.
     0 | D:1      | Reached XP level 1. HP: 11/11 MP: 2/2
    92 | D:1      | Reached XP level 2. HP: 15/15 MP: 3/3
   127 | D:1      | Reached skill level 3 in Short Blades
   237 | D:1      | Reached XP level 3. HP: 18/18 MP: 2/4
   658 | D:2      | Reached XP level 4. HP: 23/23 MP: 5/5
  1238 | D:3      | Noticed Natasha
  1245 | D:3      | Killed Natasha
  1426 | D:3      | Found an ancient bone altar of Kikubaaqudgha.
  1628 | D:3      | Reached XP level 5. HP: 28/28 MP: 6/6
  2340 | D:3      | Noticed Natasha
  2348 | D:3      | Killed Natasha
  2349 | D:3      | Reached skill level 4 in Short Blades
  2349 | D:3      | Reached XP level 6. HP: 32/32 MP: 7/7
  2553 | D:4      | Reached skill level 1 in Shields
  2887 | D:4      | Reached XP level 7. HP: 36/36 MP: 8/8
  2943 | D:5      | Entered Level 5 of the Dungeon
  3014 | D:5      | Found an iron altar of Okawaru.
  3391 | D:5      | Found a glowing drain.
  3410 | Sewer    | Entered a sewer
  3813 | D:5      | Gained mutation: You have razor-sharp teeth. [Vine Stalker
                  | growth]
  3813 | D:5      | Reached XP level 8. HP: 37/42 MP: 7/9
  4544 | D:6      | HP: 1/42 [ogre/+0 giant spiked club (26)]
  4547 | D:6      | Found a staircase to the Ecumenical Temple.
  4773 | D:6      | Reached skill level 5 in Short Blades
  4793 | Temple   | Entered the Ecumenical Temple
  4802 | Temple   | Became a worshipper of Uskayaw the Reveller
  4854 | D:6      | Reached * piety under Uskayaw
  4859 | D:6      | Noticed Prince Ribbit
  4864 | D:6      | Reached ** piety under Uskayaw
  4868 | D:6      | HP: 2/42 [black bear (2)]
  4870 | D:6      | Mangled by Prince Ribbit

Illustrated notes

Levels and vault maps discovered:
D:1:      minmay_arrival_semitransparent, layout_rooms
D:2:      layout_loops_ring, minmay_close_crescents
D:3:      minmay_door_path, layout_rooms, amcnicky_altar_gilded,
          serial_co_window_serial, co_window_corner_a, co_window_paths_b,
          co_window_corner_a, co_window_paths_b, co_window_corner_a,
          co_window_paths_a, co_window_paths_a, co_window_corner_a,
          co_window_cross_1, co_window_broadway_c, co_window_corner_b,
          co_window_unsneaky_path_d, co_window_unsneaky_path_b,
          co_window_corner_ca, co_window_corner_b, glass_columns_a,
          glass_columns_b, saegor_snake_ambush, uniq_natasha
D:4:      layout_basic
D:5:      layout_basic, mainiacjoe_overflow_tiny_flanked,
          cheibrodos_sewer_entry_sluice, grunt_ministairs_15
D:6:      layout_cave_pools, xom_teletrap_fun, minmay_temple_entry_sparse_star,
          minmay_misc_feat_iff, uniq_prince_ribbit1
Temple:   eino_temple_lava

Skill      XL: |  1  2  3  4  5  6  7  8 |
---------------+-------------------------+-----
Fighting       | 2 3 4 |  4.5
Short Blades   | 3 4 5 |  5.0
Dodging        | 3 4 |  4.5
Shields        | 2 4 |  4.8
Throwing       | |  1.7
Invocations    | |  0.1

Action                     |  1- 3 |  4- 6 |  7- 9 || total
---------------------------+-------+-------+-------++-------
  Melee: Rapier            |   102 |   188 |   211 ||   501
         Bite              |    23 |    52 |    72 ||   147
         Punch             |     1 |       |       ||     1
    Use: Scroll            |       |     3 |     4 ||     7
   Stab: Sleeping          |       |     5 |     4 ||     9
 Armour: Leather armour    |    62 |    76 |    82 ||   220
  Dodge: Dodged            |    44 |    99 |    53 ||   196
  Block: Kite shield       |       |    79 |   149 ||   228

Table legend: (Time is in decaauts)
 A = Elapsed time spent in this place.
 B = Non-inter-level travel time spent in this place.
 C = Inter-level travel time spent in this place.
 D = Time resting spent in this place.
 E = Time spent auto-exploring this place.
 F = Levels seen in this place.
 G = Mean time per level.
                   A        B        C        D        E       F      G
               +--------+--------+--------+--------+--------+-----+--------+
         Total |   4992 |   4759 |    233 |    148 |   3138 |   8 |  624.0 |
       Dungeon |   4587 |   4362 |    225 |    148 |   2904 |   6 |  764.5 |
        Temple |     18 |     10 |      8 |      0 |      0 |   1 |   18.0 |
         Sewer |    386 |    386 |      0 |      0 |    234 |   1 |  386.0 |
               +--------+--------+--------+--------+--------+-----+--------+

Top non-repeatable levels by time:
     D:5: 1431 daAuts
     D:3: 1263 daAuts
     D:2: 741 daAuts
     D:4: 523 daAuts
     D:1: 464 daAuts
   Sewer: 386 daAuts
     D:6: 164 daAuts
  Temple: 18 daAuts
